 Dungeon Crawl Stone Soup version 0.18-a0-1637-g109f206 (webtiles) character file.

4796 Oddball22 the Fighter (level 10, -2/58 HPs)
             Began as a Vine Stalker Abyssal Knight on Mar 26, 2016.
             Was an Elder of Lugonu.
             Succumbed to a queen ant's poison
             ... on level 9 of the Dungeon.
             The game lasted 00:20:56 (6404 turns).

Oddball22 the Fighter (Vine Stalker Abyssal Knight) Turns: 6404, Time: 00:20:57

Health: -2/58      AC: 10    Str: 14    XL:     10   Next: 48%
Magic:  9/27       EV: 16    Int: 12    God:    Lugonu [****..]
Gold:   484        SH:  0    Dex: 18    Spells: 2 memorised, 15 levels left

rFire  . . .     SeeInvis .     C - +5 dire flail (crush)
rCold  + + .     Gourm    .     B - +3 leather armour of the Dungeon {*Contam rC+ MP+9}
rNeg   . . .     Faith    .     (shield currently unavailable)
rPois  .         Spirit   +     (no helmet)
rElec  .         Dismiss  .     Q - +0 cloak
rCorr  .         Reflect  .     v - +1 pair of gloves
SustAt .         Harm     .     (no boots)
MR     +....                    G - amulet of rage
Stlth  +.........               (no ring)
                                t - ring of protection from cold

@: lethally poisoned (-2 -> -90), somewhat resistant to hostile enchantments,
very unstealthy
A: fangs 3, regeneration 2, magic shield, antimagic bite, no device heal 3, rot
immunity
a: Depart the Abyss, Bend Space, Banish, Corrupt, Renounce Religion, Evoke
Berserk Rage


You were on level 9 of the Dungeon.
You worshipped Lugonu.
Lugonu was greatly pleased with you.
You were hungry.

You visited 1 branch of the dungeon, and saw 9 of its levels.
You visited the Abyss 1 time.

You collected 484 gold pieces.

Inventory:

Hand Weapons
 C - a +5 dire flail of crushing (weapon)
 P - a +5 dagger of electrocution
 R - the +5 flail of the Four Wishes {venom, rN+ MP+9}
   (You found it on level 9 of the Dungeon)

   It poisons the flesh of those it strikes.
   It protects you from negative energy.
   It affects your magic capacity (+9).
Missiles
 n - 11 poisoned bolts
 u - 3 javelins (quivered)
 x - 30 bolts
Armour
 v - a +1 pair of gloves (worn)
 B - the +3 leather armour of the Dungeon (worn) {*Contam rC+ MP+9}
   (You found it on level 4 of the Dungeon)

   It protects you from cold.
   It affects your magic capacity (+9).
   It causes magical contamination when unequipped.
 Q - a +0 cloak (worn)
Jewellery
 t - a ring of protection from cold (left hand)
 G - an amulet of rage (around neck)
Wands
 a - a wand of iceblast (7/15)
 w - a wand of digging (15/24)
 H - a wand of paralysis (10/24)
 K - a wand of slowing (9/48)
 N - a wand of lightning (10/15)
Scrolls
 d - 4 scrolls of fog {unknown}
 e - a scroll of enchant armour {unknown}
 g - 2 scrolls of fear {unknown}
 h - a scroll of magic mapping {unknown}
 i - 3 scrolls of enchant weapon {unknown}
 j - 2 scrolls of remove curse {unknown}
 k - 12 scrolls of identify
 o - 4 scrolls of random uselessness {unknown}
 p - 4 scrolls of teleportation {unknown}
 s - 4 scrolls of recharging {unknown}
 y - a scroll of noise {unknown}
 E - a scroll of blinking {unknown}
 J - a scroll of immolation {unknown}
 M - a scroll of torment {unknown}
Potions
 f - 3 potions of curing
 l - 2 potions of heal wounds
 q - a potion of invisibility {unknown}
 r - 2 potions of flight {unknown}
 z - a potion of haste {unknown}
 A - a potion of cure mutation {unknown}
 D - a potion of might {unknown}
 I - 2 potions of lignification {unknown}
Books
 O - a book of Spatial Translocations

   Spells                             Type                      Level
   a - Apportation                    Translocation                1
   b - Blink                          Translocation                2
   c - Shroud of Golubria             Charms/Translocation         2
   d - Portal Projectile              Translocation                3
   e - Teleport Other                 Translocation                3
   f - Passage of Golubria            Translocation                4
 S - a book of Minor Magic

   Spells                             Type                      Level
   a - Magic Dart                     Conjuration                  1
   b - Blink                          Translocation                2
   c - Call Imp                       Summoning                    2
   d - Repel Missiles                 Charms/Air                   2
   e - Slow                           Hexes                        2
   f - Conjure Flame                  Conjuration/Fire             3
   g - Mephitic Cloud                 Conjuration/Poison/Air       3
Comestibles
 b - 6 meat rations
 c - 7 bread rations
 m - 9 slices of pizza
 F - 5 fruits
 L - 6 chunks of flesh


   Skills:
 * Level 9.6 Fighting
 - Level 1.9 Short Blades
 - Level 4.5 Armour
 + Level 5.8 Dodging
 - Level 4.8 Spellcasting
 + Level 5.1 Invocations


You had 15 spell levels left.
You knew the following spells:

 Your Spells              Type           Power        Failure   Level  Hunger
a - Apportation           Tloc           #.........   28%         1    None
b - Blink                 Tloc           N/A          38%         2    ##.....


Dungeon Overview and Level Annotations

Branches:
Dungeon (9/15)             Temple (0/1) D:6
   Lair: D:8-11         Orc: D:9-12

Altars:
Ashenzari
Dithmenos
Fedhas
Okawaru
Sif Muna
Vehumet
Yredelemnul
Zin
The Shining One

Shops:
D:5 *


Innate Abilities, Weirdness & Mutations

You have razor-sharp teeth.
You heal very quickly.
When hurt, damage is shared between your health and your magic reserves.
Your bite disrupts and absorbs the magic of your enemies.
Potions and wands cannot restore your health.
You are immune to rotting.


Message History

The queen ant is severely wounded.
* * * LOW HITPOINT WARNING * * *
You feel extremely sick. The queen ant misses you.
Drink which item? (? for menu, Esc to quit)
It was a potion of curing.
You feel better. The queen ant closely misses you.
You sock the queen ant!
You bite the queen ant, but do no damage.
The queen ant is severely wounded.
The queen ant stings you!
* * * LOW HITPOINT WARNING * * *
You are lethally poisoned!
The queen ant poisons you!
The worker ant waves its antennae.
The queen ant stings you.
* * * LOW HITPOINT WARNING * * *
You are more poisoned.
The queen ant poisons you!
A worker ant comes into view.
You die...

######## #......#
#......### #.........
###......###
#####........#
###>....#......#
#######...#####......#
.......@### #......#
####.##.# #......# #
#a## #......#


aaa .......# #haaa #####.### #aa#aa .# aaaaaaa ## a#a#aaa a a#a. You could see a
queen ant, 9 soldier ants and 8 worker ants.

Vanquished Creatures
  The ghost of Engwar the Fighter, a novice OgEn of the Shining One (D:6)
  Maurice (D:8)
  The ghost of Fv001 the Skirmisher, a novice DsCK of Xom (D:4)
  Prince Ribbit (D:5)
  A spriggan (D:8)
  Edmund (D:3)
  2 soldier ants (D:9)
  2 orc warriors
  4 ice beasts
  A black bear (D:7)
  3 ogres
  A phantom (D:7)
  3 centaurs
  A crocodile (D:9)
  5 giant frogs
  2 scorpions
  3 howler monkeys
  An electric eel (D:6)
  2 giant frog zombies
  3 crimson imps (D:6)
  4 hounds
  A jelly (D:6)
  6 orc priests
  2 giant frog skeletons (D:4)
  2 centaur skeletons
  9 orc wizards
  5 worker ants
  6 adders
  2 shadow imps
  3 oozes
  An adder skeleton (D:4)
  4 worms
  5 dart slugs (D:1)
  2 giant geckos
  18 orcs
  5 giant cockroaches
  2 goblins
  6 hobgoblins
  8 jackals
  7 kobolds
  3 quokkas
  A ball python (D:3)
  5 bats
  A giant cockroach zombie (D:5)
  2 giant newts
  9 rats
158 creatures vanquished.

Notes
Turn   | Place    | Note
--------------------------------------------------------------
     0 | Abyss:1  | Oddball22 the Vine Stalker Abyssal Knight began the quest for the Orb.
     0 | Abyss:1  | Reached XP level 1. HP: 11/11 MP: 3/3
    75 | Abyss:2  | Noticed a small abomination
    75 | D:1      | Escaped the Abyss
   242 | D:1      | Reached skill level 1 in Dodging
   249 | D:1      | Reached XP level 2. HP: 16/16 MP: 4/4
   332 | D:1      | Found a glowing golden altar of the Shining One.
   426 | D:1      | Reached * piety under Lugonu
   473 | D:1      | Reached skill level 3 in Fighting
   611 | D:1      | Reached XP level 3. HP: 20/20 MP: 5/5
   837 | D:2      | Found a radiant altar of Vehumet.
   950 | D:2      | Found a blossoming altar of Fedhas.
  1090 | D:2      | Reached skill level 1 in Spellcasting
  1188 | D:2      | Reached ** piety under Lugonu
  1188 | D:2      | Reached XP level 4. HP: 14/24 MP: 3/6
  1559 | D:3      | Found an iron altar of Okawaru.
  1559 | D:3      | Found a glowing silver altar of Zin.
  2245 | D:4      | Got a distressingly furry leather armour
  2262 | D:4      | Identified the +3 leather armour of the Dungeon {*Contam rC+ MP+9} (You found it on level 4 of the Dungeon)
  2351 | D:4      | Reached XP level 5. HP: 27/29 MP: 8/8
  2437 | D:4      | Noticed Edmund
  2444 | D:4      | Noticed Fv001's ghost (novice DsCK)
  2482 | D:3      | HP: 1/29 [Edmund/dire flail of crushing (1)]
  2483 | D:3      | Killed Edmund
  2483 | D:3      | Reached skill level 4 in Fighting
  2483 | D:3      | Gained mutation: You heal very quickly. [Vine Stalker growth]
  2483 | D:3      | Reached XP level 6. HP: 1/34 MP: 0/10
  2630 | D:4      | Killed Fv001's ghost
  2630 | D:4      | Reached skill level 5 in Fighting
  2630 | D:4      | Reached XP level 7. HP: 8/39 MP: 5/12
  2722 | D:4      | You fall through a shaft for 3 floors!
  2991 | D:6      | Gained mutation: You have razor-sharp teeth. [Vine Stalker growth]
  2991 | D:6      | Reached XP level 8. HP: 40/44 MP: 14/14
  3090 | D:5      | Entered Level 5 of the Dungeon
  3113 | D:5      | Found Weicoxt's Whimsical Warehouse.
  3125 | D:5      | Noticed Prince Ribbit
  3163 | D:5      | Killed Prince Ribbit
  3163 | D:5      | Reached skill level 6 in Fighting
  3312 | D:4      | Reached *** piety under Lugonu
  3540 | D:4      | Found a basalt altar of Yredelemnul.
  3660 | D:5      | Found a deep blue altar of Sif Muna.
  4059 | D:5      | Reached skill level 7 in Fighting
  4059 | D:5      | Reached XP level 9. HP: 48/50 MP: 17/17
  4352 | D:6      | Found a staircase to the Ecumenical Temple.
  4365 | D:6      | Found a shattered altar of Ashenzari.
  4367 | D:6      | Noticed Engwar's ghost (novice OgEn)
  4417 | D:6      | Killed Engwar's ghost
  4417 | D:6      | Reached skill level 8 in Fighting
  4984 | D:7      | Reached skill level 5 in Dodging
  4997 | D:7      | Reached **** piety under Lugonu
  5150 | D:7      | Reached XP level 10. HP: 57/57 MP: 18/18
  5402 | D:7      | Reached skill level 9 in Fighting
  5692 | D:8      | Noticed Maurice
  5704 | D:8      | Killed Maurice
  5775 | D:8      | Found a shadowy altar of Dithmenos.
  5875 | D:8      | Learned a level 1 spell: Apportation
  5878 | D:8      | Learned a level 2 spell: Blink
  6353 | D:9      | Got a crystal flail
  6362 | D:9      | Identified the +5 flail of the Four Wishes {venom, rN+ MP+9} (You found it on level 9 of the Dungeon)
  6383 | D:9      | Noticed a queen ant
  6383 | D:9      | Reached skill level 5 in Invocations
  6404 | D:9      | Succumbed to a queen ant's poison

Vault maps used:
D:1:      shiori_arrival_elements, tso_metal_star
D:2:      vehumet_crystals, nicolae_overflow_crystal_walls
D:3:      gammafunk_temple_overflow_statue, first_bread
D:4:      yredelemnul_altar_generic, uniq_edmund
D:5:      basic_altar, hex_large, nicolae_alphabet_shops, uniq_prince_ribbit1
D:6:      cheibrodos_ashenzari_chains, minmay_temple_entry_mist,
          minmay_misc_feat_secret_circle, kennysheep_dice
D:8:      kennysheep_little_box, grunt_pizzeria, uniq_maurice
D:9:      xom_butterflies, serial_shops, nicolae_shop_overgrown_old_shop,
          zaba_anthell
Abyss:1:  lemuel_flamethrower_3

Skill      XL: |  1  2  3  4  5  6  7  8  9 10 |
---------------+-------------------------------+-----
Dodging        | 1 2 3 4 5 |  5.8
Fighting       | 3 4 5 7 8 9 |  9.6
Armour         | 2 3 4 |  4.5
Spellcasting   | 1 2 3 4 |  4.8
Invocations    | 4 5 |  5.1
Short Blades   | |  1.9

Action                   |  1- 3 |  4- 6 |  7- 9 | 10-12 || total
-------------------------+-------+-------+-------+-------++-------
Melee: Short sword       |   103 |   101 |       |       ||   204
       Dire flail        |       |    19 |   174 |   113 ||   306
       Flail             |       |       |       |     6 ||     6
Invok: Depart the Abyss  |     1 |       |       |       ||     1
 Abil: Evoke Berserk Rag |       |       |     2 |     1 ||     3
  Use: Scroll            |       |       |       |     1 ||     1
       Potion            |       |       |       |     1 ||     1
 Stab: Sleeping          |     1 |     1 |     2 |       ||     4
  Eat: Chunk             |     1 |     5 |    10 |     4 ||    20
